 Dungeon Crawl Stone Soup version 0.31-a0-986-g5e6e4ef867 (webtiles) character file.

Game seed: 2787901577453465183

92 horus123 the Trooper (level 4, -6/42 HPs)
             Began as a Hill Orc Fighter on Nov 16, 2023.
             Mangled by Sigmund
             ... wielding a +0 scythe
              (10 damage)
             ... on level 3 of the Dungeon.
             The game lasted 00:02:58 (1823 turns).

horus123 the Trooper (Hill Orc Fighter)             Turns: 1823, Time: 00:02:59

Health: -6/42      AC:  6    Str: 30    XL:     4   Next: 60%
Magic:  4/4        EV: 11    Int: 12    God:
Gold:   141        SH:  0    Dex: 14    Spells: 3/3 levels left

rFire   . . .        a - +0 war axe
rCold   . . .        c - +0 buckler
rNeg    . . .        i - +4 robe of Augmentation {Str+4 Int+4 Dex+4}
rPois   .            (no helmet)
rElec   .            (no cloak)
rCorr   .            (no gloves)
SInv    .            (no boots)
Will    .....        (no amulet)
Stlth   +            m - +6 ring of strength
HPRegen 0.27/turn    (no ring)
MPRegen 0.09/turn

%: no passive effects
@: confused, mighty
A: no striking features
a: no special abilities


You were on level 3 of the Dungeon.
You visited 1 branch of the dungeon, and saw 3 of its levels.

You collected 141 gold pieces.

Inventory:

Hand Weapons
 a - a +0 war axe (weapon)
Missiles
 h - 10 poisoned darts (quivered)
Armour
 b - a +0 scale mail
 c - a +0 buckler (worn)
 i - the +4 robe of Augmentation (worn) {Str+4 Int+4 Dex+4}
   (You found it on level 2 of the Dungeon)

   Str+4:     It affects your strength (+4).
   Int+4:     It affects your intelligence (+4).
   Dex+4:     It affects your dexterity (+4).
Jewellery
 m - a +6 ring of strength (left hand)
Scrolls
 f - a scroll of identify {unknown}
 g - a scroll of teleportation {unknown}
 n - a scroll of revelation {unknown}
 o - a scroll of blinking {unknown}
Potions
 d - a potion of might
 e - 2 potions of haste {unknown}
 j - 2 potions of degeneration {unknown}
 k - a potion of heal wounds {unknown}
 l - 2 potions of brilliance {unknown}
 p - a potion of attraction {unknown}


   Skills:
 - Level 5.0 Fighting
 + Level 5.0 Axes
 - Level 3.2 Armour
 - Level 3.2 Shields


You had 3 spell levels left.
You didn't know any spells.
Your spell library contained the following spells:

 Spells                   Type           Power      Damage    Failure   Level
 Ozocubu's Armour         Ice            0%         N/A       75%         3
 Tukima's Dance           Hex            0%         N/A       75%         3
 Passage of Golubria      Tloc           0%         N/A       98%         4
 Metabolic Englaciation   Hex/Ice        0%         N/A       100%        5
 Yara's Violent Unravell  Hex/Tmut       0%         3d3       100%        5
 Simulacrum               Ice/Necr       0%         N/A       100%        6


Dungeon Overview and Level Annotations

Branches:
Dungeon (3/15)

Altars:
Fedhas

Annotations:
D:3 Sigmund


Message History

The puff of flame misses you.
No target in view!
No target in view!
No target in view!
A puff of flame appears from out of thin air!
The puff of flame misses you. Something completely misses you.
You miss something. Something hits you.
You closely miss something. Something hits you!
You miss something. Something hits you.
You completely miss something. You miss something.
Something hits you but does no damage.
You barely miss something.
You hear some strange, mumbled words.
Something tries to affect you, but you resist.
You closely miss something. Something hits you but does no damage.
You barely miss something. Something hits you.
You barely miss something. Something hits you!
You closely miss something. Something hits you.
You closely miss something.
You hear some strange, mumbled words.
A puff of flame appears from out of thin air!
The puff of flame hits you!
* * * LOW HITPOINT WARNING * * *
You hit something.
You hear some strange, mumbled words.
You are confused.
You bump into the rock wall.
Something hits you.
* * * LOW HITPOINT WARNING * * *
You're too confused to move!
You feel very mighty all of a sudden. Something hits you.
* * * LOW HITPOINT WARNING * * *
You bump into the rock wall.
You hear some strange, mumbled words.
A magic dart appears from out of thin air!
The magic dart hits you.
* * * LOW HITPOINT WARNING * * *
You miss something. Something hits you!
You die...

## ## #. .#
.#. ... #<#
#{# #@# #.#
#
#.###.###.#
#.........#
#####.##.##
##.#...###
#.........
#..#...###
# #..##..#


There were no monsters in sight!

Vanquished Creatures
  3 gnolls (D:2)
  2 worms (D:2)
  3 dart slugs
  5 ball pythons
  6 bats
  3 endoplasms (D:2)
  4 giant cockroaches
  4 goblins
  2 hobgoblins
  7 kobolds
  4 quokkas
  A frilled lizard (D:1)
  6 rats
50 creatures vanquished.

Notes
Turn   | Place    | Note
-------+----------+-------------------------------------------
     0 | D:1      | horus123 the Hill Orc Fighter began the quest for the Orb.
     0 | D:1      | Reached XP level 1. HP: 19/19 MP: 1/1
    80 | D:1      | Reached XP level 2. HP: 19/27 MP: 2/2
   307 | D:1      | Reached XP level 3. HP: 34/35 MP: 3/3
   311 | D:1      | Reached skill level 5 in Fighting
   603 | D:2      | Found the +4 robe of Augmentation {Str+4 Int+4 Dex+4}
   854 | D:2      | Reached XP level 4. HP: 40/42 MP: 4/4
  1750 | D:3      | Found a blossoming altar of Fedhas.
  1774 | D:3      | Reached skill level 5 in Axes
  1801 | D:3      | Noticed Sigmund
  1823 | D:3      | Mangled by Sigmund

Illustrated notes

Levels and vault maps discovered:
D:1:      heliophobic_arrival_enchanted_forest, layout_rooms,
          minmay_misc_feat_rugged
D:2:      layout_loops_ring
D:3:      layout_loops_corners, lemuel_zombie_altar_yredelemnul,
          nicolae_overflow_hidden_temple, mainiacjoe_overflow_small_starburst,
          nrook_campfire, uniq_sigmund

Skill      XL: |  1  2  3  4 |
---------------+-------------+-----
Fighting       | 4 5 |  5.0
Axes           | 4 5 |  5.0
Armour         | |  3.2
Shields        | |  3.2

Action                     |  1- 3 |  4- 6 || total
---------------------------+-------+-------++-------
  Melee: War axe           |    81 |    61 ||   142
    Use: Potion            |       |     1 ||     1
   Stab: Sleeping          |       |     4 ||     4
 Armour: Scale mail        |    61 |       ||    61
         Robe              |     3 |    37 ||    40
  Dodge: Dodged            |    51 |    28 ||    79
  Block: Buckler           |    14 |     3 ||    17

Table legend: (Time is in decaauts)
 A = Elapsed time spent in this place.
 B = Non-inter-level travel time spent in this place.
 C = Inter-level travel time spent in this place.
 D = Time resting spent in this place.
 E = Time spent auto-exploring this place.
 F = Levels seen in this place.
 G = Mean time per level.
                   A        B        C        D        E       F      G
               +--------+--------+--------+--------+--------+-----+--------+
         Total |   1871 |   1816 |     55 |      0 |   1423 |   3 |  623.7 |
       Dungeon |   1871 |   1816 |     55 |      0 |   1423 |   3 |  623.7 |
               +--------+--------+--------+--------+--------+-----+--------+

Top non-repeatable levels by time:
     D:2: 765 daAuts
     D:1: 628 daAuts
     D:3: 477 daAuts
